 Dungeon Crawl Stone Soup version 0.28-a0-653-g7e9dba17c3 (webtiles) character file.

Game seed: 1236235774020028352

0 Gargoyl the Skirmisher (level 1, 0/23 HPs)
             Began as a Gnoll Abyssal Knight on Oct 12, 2021.
             Was a Follower of Lugonu.
             Constricted to death by a starspawn tentacle (3 damage)
             ... attached to a tentacled starspawn
             ... on level 2 of the Abyss.
             The game lasted 00:00:16 (47 turns).

Gargoyl the Skirmisher (Gnoll Abyssal Knight)         Turns: 47, Time: 00:00:17

Health: 0/23       AC:  3    Str: 12    XL:     1   Next: 0%
Magic:  3/3        EV:  9    Int:  9    God:    Lugonu [*.....]
Gold:   0          SH:  0    Dex: 12    Spells: 0/0 levels left

rFire   . . .      SeeInvis .   a - +1 hand axe
rCold   . . .      Faith    .   (no shield)
rNeg    . . .      Spirit   .   b - +0 leather armour
rPois   .          Reflect  .   (no helmet)
rElec   .          Harm     .   (no cloak)
rCorr   .          Rampage  .   (no gloves)
Will    .....                   (no boots)
Stlth   +.........              (no amulet)
HPRegen 0.07/turn               d - ring of flight
MPRegen 0.08/turn               (no ring)

@: flayed, flying, constricted
A: fangs 1, strong nose, distributed training
a: Renounce Religion, Depart the Abyss


You were on level 2 of the Abyss.
You worshipped Lugonu.
Lugonu was aware of your devotion.
You visited 0 branches of the dungeon, and saw 0 of its levels.
You visited the Abyss 1 time.

Inventory:

Hand Weapons
 a - a +1 hand axe (weapon)
Armour
 b - a +0 leather armour (worn)
Jewellery
 d - a ring of flight (left hand)


   Skills:
 + Level 6.4 Fighting
 + Level 0.0 Short Blades
 + Level 0.0 Long Blades
 + Level 4.4 Axes
 + Level 0.0 Maces & Flails
 + Level 0.0 Polearms
 + Level 0.0 Staves
 + Level 0.0 Slings
 + Level 0.0 Bows
 + Level 0.0 Crossbows
 + Level 0.0 Throwing
 + Level 4.4 Armour
 + Level 2.3 Dodging
 + Level 0.0 Stealth
 + Level 0.0 Shields
 + Level 0.0 Unarmed Combat
 + Level 0.0 Spellcasting
 + Level 0.0 Conjurations
 + Level 0.0 Hexes
 + Level 0.0 Summonings
 + Level 0.0 Necromancy
 + Level 0.0 Translocations
 + Level 0.0 Transmutations
 + Level 0.0 Fire Magic
 + Level 0.0 Ice Magic
 + Level 0.0 Air Magic
 + Level 0.0 Earth Magic
 + Level 0.0 Poison Magic
 + Level 4.4 Invocations
 + Level 0.0 Evocations


You couldn't memorise any spells.
You didn't know any spells.
Your spell library was empty.

Dungeon Overview and Level Annotations

Branches:
Dungeon (0/15)

Altars:


Innate Abilities, Weirdness & Mutations

You have very sharp teeth.
Your uncanny sense of smell can sniff out nearby items.
Your experience applies equally to all skills.


Message History

What are your orders? t - Bark!
Orders for allies: a - Attack new target. r - Retreat! s - Stop attacking. g - Guard the area. f - Follow me.
Anything else - Cancel.
Retreat in which direction?
Press: ? - help, Dir - move target, f - you
Okay, then.
As you read the scroll labelled GULAAP DAESOU, it crumbles to dust.
It is a scroll of identify.
You don't have any unidentified items.
A flayed ghost comes into view.
A large abomination comes into view.
A tentacled starspawn comes into view.
Tentacles burst from the starspawn's body! 2 starspawn tentacles come into view.
The flayed ghost stares at you with tortured malice.
Terrible wounds open up all over your body!
The starspawn tentacle barely misses you.
The starspawn tentacle grabs you. The starspawn tentacle constricts you.
You hit the starspawn tentacle but do no damage.
Your bite misses the starspawn tentacle.
You hit the starspawn tentacle. You hit the starspawn tentacle segment.
The tentacle pulls you backwards!
The starspawn tentacle loses its grip on you.
The tentacle pulls you backwards! The starspawn tentacle grabs you.
The starspawn tentacle constricts you.
You can't go down here!
You hit the starspawn tentacle but do no damage.
The starspawn tentacle is moderately damaged.
You hit the large abomination. You hit the flayed ghost.
The flayed ghost hits you!
* * * LOW HITPOINT WARNING * * *
A tentacle flies out from the starspawn's body!
The starspawn tentacle constricts you.
* * * LOW HITPOINT WARNING * * *
A starspawn tentacle comes into view.
You escape the starspawn tentacle's grasp.
The starspawn tentacle grabs you. The starspawn tentacle constricts you.
You die...

.. ...... .. .....##
.. .. #.....##
..##..##......#. ...
..........# ......
........# #..
#..##X─X..#
#..##..##w>│.## .
.......@W/...##
.##.#.#....w....... .
###.........#..#
#..#...#........#
...##..#....#...#....
. .......#.#..#.##...
...#.#..###.###.#..#
..##..#..# #..... ..
#.###.# .## ##


You could see a tentacled starspawn, a flayed ghost, a large abomination and 2
starspawn tentacles.

Vanquished Creatures (others)
  A starspawn tentacle (Abyss:2)
1 creature vanquished.

Notes
Turn   | Place    | Note
-------+----------+-------------------------------------------
     0 | Abyss:1  | Gargoyl the Gnoll Abyssal Knight began the quest for the
                  | Orb.
     0 | Abyss:1  | Reached XP level 1. HP: 23/23 MP: 3/3
    41 | Abyss:2  | Noticed a flayed ghost
    41 | Abyss:2  | Noticed a large abomination
    42 | Abyss:2  | Noticed a tentacled starspawn
    47 | Abyss:2  | Constricted to death by a starspawn tentacle

Illustrated notes

Levels and vault maps discovered:
Abyss:2:  base:
Temple

Action                   || total
-------------------------++-------
Melee: Hand axe          ||     2
  Use: Scroll            ||     1
Dodge: Dodged            ||     1

Table legend: (Time is in decaauts)
 A = Elapsed time spent in this place.
 B = Non-inter-level travel time spent in this place.
 C = Inter-level travel time spent in this place.
 D = Time resting spent in this place.
 E = Time spent auto-exploring this place.
 F = Levels seen in this place.
 G = Mean time per level.
                   A        B        C        D        E       F      G
               +--------+--------+--------+--------+--------+-----+--------+
         Total |     46 |     46 |      0 |      0 |     23 |   2 |   23.0 |
         Abyss |     46 |     46 |      0 |      0 |     23 |   2 |   23.0 |
               +--------+--------+--------+--------+--------+-----+--------+

Top non-repeatable levels by time:
 Abyss:2: 28 daAuts
 Abyss:1: 18 daAuts
